TOP OF THE 1ST |
Buffalo White Walkers batting - Pitching for Mississippi Mockingbirds : RHP Carlos Vargas
|
Pitching: RHP Carlos Vargas
|
|
Batting: LHB Dread Roberts
|
0-0: Ball 1-0: Foul Ball, location: 2F 1-1: Swinging Strike 1-2: Strikes out swinging
|
Batting: LHB Jesús Lazcano
|
0-0: Ball 1-0: Foul Ball, location: 2F 1-1: Called Strike 1-2: Fly out, F2 (Popup, 2LF, EV 87.5 MPH)
|
Batting: SHB Je-myung Yu
|
0-0: Fly out, F9 (Flyball, 9S, EV 91.2 MPH)
|
Top of the 1st over - 0 runs, 0 hits, 0 errors, 0 left on base; Buffalo 0 - Mississippi 0 |
BOTTOM OF THE 1ST |
Mississippi Mockingbirds batting - Pitching for Buffalo White Walkers : LHP Dave Dunn
|
Pitching: LHP Dave Dunn
|
|
Batting: RHB Cornelio Japón
|
0-0: Ball 1-0: Ground out 6-3 (Groundball, 6, EV 93.8 MPH)
|
Batting: RHB Ellis Greenham
|
0-0: Swinging Strike 0-1: SINGLE (Groundball, 6MD, EV 104.4 MPH)
|
Batting: RHB Orlando Velásquez
|
0-0: Swinging Strike 0-1: Foul Ball, location: 2F 0-2: Ball 1-2: Strikes out looking
|
Batting: RHB Bobby Butterfield
|
0-0: Ball 1-0: SINGLE (Groundball, 34D, EV 103.1 MPH) Ellis Greenham to second Runner from 2nd tries for 3rd, SAFE, throw by RF made to third
|
Batting: RHB Alco Compagne
|
0-0: Swinging Strike 0-1: Fly out, F7 (Flyball, 7LM, EV 94.4 MPH)
|
Bottom of the 1st over - 0 runs, 2 hits, 0 errors, 2 left on base; Buffalo 0 - Mississippi 0 |
TOP OF THE 2ND |
Buffalo White Walkers batting - Pitching for Mississippi Mockingbirds : RHP Carlos Vargas
|
Batting: RHB Derek Bangert
|
0-0: Called Strike 0-1: Ball 1-1: Foul Ball, location: 2F 1-2: Foul Ball, location: 2F 1-2: Ground out 6-3 (Groundball, 6S, EV 87.5 MPH)
|
Batting: LHB Gilberto Ocasio
|
0-0: Ball 1-0: Swinging Strike 1-1: Ball 2-1: Ground out U3 (Groundball, 3L, EV 83.1 MPH)
|
Batting: RHB Tom Smythe
|
0-0: Swinging Strike 0-1: Called Strike 0-2: Hit by Pitch
|
Batting: RHB Peter Holland
|
0-0: Ball 1-0: Foul Ball, location: 2F 1-1: Foul Ball, location: 2F 1-2: Foul Ball, location: 2F 1-2: Ball 2-2: SINGLE (Groundball, 4MD, EV 108.1 MPH) Tom Smythe to second Runner from 2nd tries for 3rd, OUT! 8-5
|
Top of the 2nd over - 0 runs, 1 hit, 0 errors, 1 left on base; Buffalo 0 - Mississippi 0 |
BOTTOM OF THE 2ND |
Mississippi Mockingbirds batting - Pitching for Buffalo White Walkers : LHP Dave Dunn
|
Batting: LHB Rylen Roersma
|
0-0: Ball 1-0: Fly out, F8 (Flyball, 8LM, EV 90.0 MPH)
|
Batting: RHB José Carlos Pérez
|
0-0: Called Strike 0-1: Foul Ball, location: 2F 0-2: Ball 1-2: Strikes out swinging
|
Batting: RHB Brian Rowe
|
0-0: Swinging Strike 0-1: Foul Ball, location: 2F 0-2: Foul Ball, location: 2F 0-2: Ball 1-2: DOUBLE (Groundball, 5L, EV 101.2 MPH)
|
Batting: LHB Yin-reng Hsueh
|
0-0: Ball 1-0: Ball 2-0: Called Strike 2-1: Foul Ball, location: 2F 2-2: Ball 3-2: Foul Ball, location: 2F 3-2: Ground out 4-3 (Groundball, 4S, EV 84.4 MPH)
|
Bottom of the 2nd over - 0 runs, 1 hit, 0 errors, 1 left on base; Buffalo 0 - Mississippi 0 |
TOP OF THE 3RD |
Buffalo White Walkers batting - Pitching for Mississippi Mockingbirds : RHP Carlos Vargas
|
Batting: RHB Cisco Feijoo
|
0-0: Ball 1-0: Called Strike 1-1: Ball 2-1: Fly out, F7 (Flyball, 7S, EV 68.8 MPH)
|
Batting: RHB Pedro Álvarez
|
0-0: Fly out, F9 (Flyball, 9, EV 88.1 MPH)
|
Batting: LHB Dread Roberts
|
0-0: Called Strike 0-1: Ball 1-1: Bunted foul 1-2: Ball 2-2: Ball 3-2: Base on Balls
|
Batting: LHB Jesús Lazcano
|
0-0: Called Strike 0-1: Ball 1-1: Called Strike 1-2: Ground out 4-3 (Groundball, 4, EV 105.6 MPH)
|
Top of the 3rd over - 0 runs, 0 hits, 0 errors, 1 left on base; Buffalo 0 - Mississippi 0 |
BOTTOM OF THE 3RD |
Mississippi Mockingbirds batting - Pitching for Buffalo White Walkers : LHP Dave Dunn
|
Batting: RHB Cornelio Japón
|
0-0: Called Strike 0-1: Ball 1-1: Ball 2-1: Foul Ball, location: 2F 2-2: Ground out 6-3 (Groundball, 6S, EV 63.1 MPH)
|
Batting: RHB Ellis Greenham
|
0-0: Ball 1-0: Ground out 1-3 (Groundball, P, EV 93.8 MPH)
|
Batting: RHB Orlando Velásquez
|
0-0: Called Strike 0-1: Called Strike 0-2: Ball 1-2: Ball 2-2: Foul Ball, location: 2F 2-2: Foul Ball, location: 2F 2-2: Foul Ball, location: 2F 2-2: Ball 3-2: Fly out, F8 (Line Drive, 8RD, EV 104.4 MPH)
|
Bottom of the 3rd over - 0 runs, 0 hits, 0 errors, 0 left on base; Buffalo 0 - Mississippi 0 |
TOP OF THE 4TH |
Buffalo White Walkers batting - Pitching for Mississippi Mockingbirds : RHP Carlos Vargas
|
Batting: SHB Je-myung Yu
|
0-0: Called Strike 0-1: Ball 1-1: Foul Ball, location: 2F 1-2: Foul Ball, location: 2F 1-2: Foul Ball, location: 2F 1-2: Fly out, F7 (Flyball, 7LS, EV 76.2 MPH)
|
Batting: RHB Derek Bangert
|
0-0: Called Strike 0-1: Ball 1-1: Called Strike 1-2: SINGLE (Line Drive, 8RS, EV 106.2 MPH)
|
Batting: LHB Gilberto Ocasio
|
0-0: Ball Pickoff Throw to First - Out! 1-3 1-0: Ball 2-0: SINGLE (Line Drive, 8RS, EV 100.0 MPH)
|
Batting: RHB Tom Smythe
|
0-0: Called Strike Gilberto Ocasio steals 2nd base 0-1: Foul Ball, location: 2F 0-2: Strikes out swinging
|
Top of the 4th over - 0 runs, 2 hits, 0 errors, 1 left on base; Buffalo 0 - Mississippi 0 |
BOTTOM OF THE 4TH |
Mississippi Mockingbirds batting - Pitching for Buffalo White Walkers : LHP Dave Dunn
|
Batting: RHB Bobby Butterfield
|
0-0: Ball 1-0: Ball 2-0: Fly out, F9 (Flyball, 9S, EV 95.0 MPH)
|
Batting: RHB Alco Compagne
|
0-0: Ball 1-0: Ground out 6-3 (Groundball, 6, EV 93.8 MPH)
|
Batting: LHB Rylen Roersma
|
0-0: Called Strike 0-1: Swinging Strike 0-2: Strikes out looking
|
Bottom of the 4th over - 0 runs, 0 hits, 0 errors, 0 left on base; Buffalo 0 - Mississippi 0 |
TOP OF THE 5TH |
Buffalo White Walkers batting - Pitching for Mississippi Mockingbirds : RHP Carlos Vargas
|
Batting: RHB Peter Holland
|
0-0: Ball 1-0: Foul Ball, location: 2F 1-1: Ball 2-1: Foul Ball, location: 2F 2-2: Foul Ball, location: 2F 2-2: Ball 3-2: Strikes out swinging
|
Pitching: LHP Gertjan van Hulst
|
|
Batting: RHB Cisco Feijoo
|
0-0: Fly out, F3 (Popup, 3S, EV 71.2 MPH)
|
Batting: RHB Pedro Álvarez
|
0-0: Foul Ball, location: 2F 0-1: Swinging Strike 0-2: Ball 1-2: Strikes out looking
|
Top of the 5th over - 0 runs, 0 hits, 0 errors, 0 left on base; Buffalo 0 - Mississippi 0 |
BOTTOM OF THE 5TH |
Mississippi Mockingbirds batting - Pitching for Buffalo White Walkers : LHP Dave Dunn
|
Batting: RHB José Carlos Pérez
|
0-0: Ball 1-0: Ball 2-0: Ball 3-0: Base on Balls
|
Batting: RHB Brian Rowe
|
Pickoff Throw to First - Out! 1-3 0-0: Called Strike 0-1: Ball 1-1: Ball 2-1: Ball 3-1: Base on Balls
|
Batting: LHB Yin-reng Hsueh
|
0-0: Ball 1-0: Called Strike 1-1: Ball 2-1: Fly out, F7 (Line Drive, 7, EV 86.9 MPH)
|
Batting: RHB Cornelio Japón
|
0-0: Ball 1-0: Ball 2-0: Foul Ball, location: 2F 2-1: Called Strike 2-2: Ball 3-2: Base on Balls Brian Rowe to second
|
Batting: RHB Ellis Greenham
|
0-0: Ball 1-0: Ball 2-0: Ball 3-0: Called Strike 3-1: Ground out 1-3 (Groundball, 13, EV 80.6 MPH)
|
Bottom of the 5th over - 0 runs, 0 hits, 0 errors, 2 left on base; Buffalo 0 - Mississippi 0 |
TOP OF THE 6TH |
Buffalo White Walkers batting - Pitching for Mississippi Mockingbirds : LHP Gertjan van Hulst
|
Batting: LHB Dread Roberts
|
0-0: SINGLE (Flyball, 78M, EV 83.1 MPH)
|
Batting: LHB Jesús Lazcano
|
0-0: Ball 1-0: SINGLE (Groundball, 4M, EV 95.6 MPH) Dread Roberts to second Runner from 2nd tries for 3rd, SAFE, no throw by CF
|
Batting: SHB Je-myung Yu
|
0-0: Ball 1-0: Ball 2-0: Ball 3-0: Called Strike 3-1: Base on Balls Jesús Lazcano to second
|
Batting: RHB Derek Bangert
|
0-0: Ball 1-0: Fly out, F9 (Line Drive, 9, EV 93.1 MPH) Runner from 3rd tags up, SCORES, throw by RF
|
Batting: LHB Gilberto Ocasio
|
0-0: Called Strike 0-1: Foul Ball, location: 2F 0-2: Ball 1-2: Ball 2-2: Strikes out swinging
|
Batting: RHB Tom Smythe
|
0-0: Swinging Strike 0-1: Ball 1-1: Called Strike 1-2: Foul Ball, location: 2F 1-2: Strikes out swinging
|
Top of the 6th over - 1 run, 2 hits, 0 errors, 2 left on base; Buffalo 1 - Mississippi 0 |
BOTTOM OF THE 6TH |
Mississippi Mockingbirds batting - Pitching for Buffalo White Walkers : LHP Dave Dunn
|
Batting: RHB Orlando Velásquez
|
0-0: Ball 1-0: SINGLE (Line Drive, 78S, EV 111.9 MPH)
|
Batting: RHB Bobby Butterfield
|
0-0: Ball 1-0: Ball 2-0: Ball 3-0: Foul Ball, location: 2F 3-1: SINGLE (Groundball, 56, EV 89.4 MPH) (infield hit) Orlando Velásquez to second
|
Batting: RHB Alco Compagne
|
0-0: Fly out, F9 (Flyball, 89M, EV 85.6 MPH)
|
Batting: LHB Rylen Roersma
|
0-0: Ball 1-0: Called Strike 1-1: SINGLE (Line Drive, 89S, EV 91.2 MPH) Orlando Velásquez to third Bobby Butterfield to second Runner from 3rd tries for Home, SAFE, no throw by RF
|
Batting: RHB José Carlos Pérez
|
0-0: Foul Ball, location: 2F 0-1: Ball 1-1: Fly out, F9 (Flyball, 9S, EV 91.9 MPH)
|
Batting: RHB Brian Rowe
|
0-0: Fly out, F3 (Popup, 3F, EV 63.1 MPH)
|
Bottom of the 6th over - 1 run, 3 hits, 0 errors, 2 left on base; Buffalo 1 - Mississippi 1 |
TOP OF THE 7TH |
Buffalo White Walkers batting - Pitching for Mississippi Mockingbirds : LHP Gertjan van Hulst
|
Batting: RHB Peter Holland
|
0-0: Ball 1-0: Ball 2-0: Foul Ball, location: 2F 2-1: Foul Ball, location: 2F 2-2: Foul Ball, location: 2F 2-2: Ball 3-2: Ground out 4-3 (Groundball, 4, EV 106.9 MPH)
|
Batting: RHB Cisco Feijoo
|
0-0: Ball 1-0: Ball 2-0: Fly out, F8 (Flyball, 8LD, EV 98.1 MPH)
|
Batting: RHB Pedro Álvarez
|
0-0: Ball 1-0: Fly out, F9 (Flyball, 9LM, EV 96.9 MPH)
|
Top of the 7th over - 0 runs, 0 hits, 0 errors, 0 left on base; Buffalo 1 - Mississippi 1 |
BOTTOM OF THE 7TH |
Mississippi Mockingbirds batting - Pitching for Buffalo White Walkers : LHP Dave Dunn
|
Batting: LHB Yin-reng Hsueh
|
0-0: Called Strike 0-1: Swinging Strike 0-2: Ground out U3 (Groundball, 3, EV 88.1 MPH)
|
Batting: RHB Cornelio Japón
|
0-0: Ball 1-0: Called Strike 1-1: Called Strike 1-2: Ball 2-2: Fly out, F3 (Popup, 3S, EV 84.4 MPH)
|
Batting: RHB Ellis Greenham
|
0-0: Fly out, F7 (Flyball, 78M, EV 88.1 MPH)
|
Bottom of the 7th over - 0 runs, 0 hits, 0 errors, 0 left on base; Buffalo 1 - Mississippi 1 |
TOP OF THE 8TH |
Buffalo White Walkers batting - Pitching for Mississippi Mockingbirds : LHP Gertjan van Hulst
|
Batting: LHB Dread Roberts
|
0-0: Called Strike 0-1: Called Strike 0-2: Ball 1-2: Ball 2-2: Ball 3-2: Strikes out swinging
|
Batting: LHB Jesús Lazcano
|
0-0: Fly out, F7 (Flyball, 7LDF, EV 107.5 MPH)
|
Batting: SHB Je-myung Yu
|
0-0: Called Strike 0-1: Ball 1-1: Ball 2-1: Ball 3-1: Base on Balls
|
Batting: RHB Derek Bangert
|
0-0: Ball 1-0: Ball 2-0: Ball 3-0: Called Strike 3-1: Foul Ball, location: 2F 3-2: Base on Balls Je-myung Yu to second
|
Pitching: RHP Morton Steele
|
|
Batting: LHB Gilberto Ocasio
|
0-0: Ball 1-0: Ball 2-0: Called Strike 2-1: Ball 3-1: Fly out, F6 (Popup, 6MD, EV 45.6 MPH)
|
Top of the 8th over - 0 runs, 0 hits, 0 errors, 2 left on base; Buffalo 1 - Mississippi 1 |
BOTTOM OF THE 8TH |
Mississippi Mockingbirds batting - Pitching for Buffalo White Walkers : LHP Dave Dunn
|
Pitching: RHP Damien Hayward
|
|
Batting: RHB Orlando Velásquez
|
0-0: Ball 1-0: Ball 2-0: Foul Ball, location: 2F 2-1: SINGLE (Groundball, 56D, EV 106.9 MPH)
|
Batting: RHB Bobby Butterfield
|
0-0: Called Strike 0-1: Foul Ball, location: 2F 0-2: Strikes out looking
|
Batting: RHB Alco Compagne
|
0-0: Called Strike 0-1: Ball 1-1: Foul Ball, location: 2F 1-2: Ball 2-2: Strikes out looking
|
Batting: LHB Rylen Roersma
|
0-0: Fielders Choice at 2nd, 5-4 (Groundball, 56, EV 81.2 MPH)
|
Bottom of the 8th over - 0 runs, 1 hit, 0 errors, 1 left on base; Buffalo 1 - Mississippi 1 |
TOP OF THE 9TH |
Buffalo White Walkers batting - Pitching for Mississippi Mockingbirds : RHP Morton Steele
|
Batting: RHB Tom Smythe
|
0-0: Ball 1-0: Foul Ball, location: 2F 1-1: Ground out 5-3 (Groundball, 56S, EV 81.9 MPH)
|
Batting: RHB Peter Holland
|
0-0: Called Strike 0-1: Fly out, F8 (Line Drive, 8LM, EV 109.4 MPH)
|
Pinch Hitting: RHB Daryl Yandell
|
0-0: Ball 1-0: Called Strike 1-1: Fly out, F8 (Flyball, 8LD, EV 105.0 MPH)
|
Top of the 9th over - 0 runs, 0 hits, 0 errors, 0 left on base; Buffalo 1 - Mississippi 1 |
BOTTOM OF THE 9TH |
Mississippi Mockingbirds batting - Pitching for Buffalo White Walkers : RHP Damien Hayward
|
Now at 2B: Panas Pletnev
|
|
Pinch Hitting: LHB Javier Sánchez
|
0-0: Fly out, F7 (Flyball, 7D, EV 96.9 MPH)
|
Batting: RHB Brian Rowe
|
0-0: Ground out 5-3 (Groundball, 56S, EV 71.2 MPH)
|
Batting: LHB Yin-reng Hsueh
|
0-0: Ball 1-0: Foul Ball, location: 2F 1-1: Swinging Strike 1-2: Ball 2-2: Ball 3-2: Ground out 5-3 (Groundball, 56, EV 91.9 MPH)
|
Bottom of the 9th over - 0 runs, 0 hits, 0 errors, 0 left on base; Buffalo 1 - Mississippi 1 |
TOP OF THE 10TH |
Buffalo White Walkers batting - Pitching for Mississippi Mockingbirds : RHP Morton Steele
|
Pitching: RHP Folkert van Huizen
|
|
Now at C: Robby Patterson
|
|
Batting: RHB Pedro Álvarez
|
0-0: Ball 1-0: Ball 2-0: SINGLE (Groundball, 56D, EV 99.4 MPH)
|
Batting: LHB Dread Roberts
|
0-0: Sac Bunt to 13 - play at first, batter OUT! 1-4 Pedro Álvarez to second
|
Batting: LHB Jesús Lazcano
|
0-0: Foul Ball, location: 2F 0-1: Ball 1-1: 2-RUN HOME RUN (Line Drive, 89XD, EV 99.4 MPH), Distance : 396 ft
|
Batting: SHB Je-myung Yu
|
0-0: SINGLE (Line Drive, 6MD, EV 106.2 MPH)
|
Batting: RHB Derek Bangert
|
0-0: SINGLE (Line Drive, 3D, EV 98.1 MPH) Je-myung Yu to second Runner from 2nd tries for 3rd, SAFE, throw by RF made to third
|
Batting: LHB Gilberto Ocasio
|
0-0: Ball 1-0: Called Strike 1-1: DOUBLE (Line Drive, 9LS, EV 104.4 MPH) Je-myung Yu scores Derek Bangert to third
|
Batting: RHB Tom Smythe
|
0-0: Ball 1-0: Called Strike 1-1: Called Strike 1-2: Fly out, F9 (Flyball, 9D, EV 100.6 MPH) Runner from 3rd tags up, SCORES, no throw by RF Gilberto Ocasio to third
|
Pitching: RHP Andrei-Luiz Frial
|
|
Batting: RHB Peter Holland
|
0-0: Reached on error, E1 (Groundball, 13, EV 69.4 MPH) Gilberto Ocasio scores
|
Batting: RHB Panas Pletnev
|
0-0: Fly out, F6 (Line Drive, 6, EV 69.4 MPH)
|
Top of the 10th over - 5 runs, 5 hits, 1 error, 1 left on base; Buffalo 6 - Mississippi 1 |
BOTTOM OF THE 10TH |
Mississippi Mockingbirds batting - Pitching for Buffalo White Walkers : RHP Damien Hayward
|
Batting: RHB Cornelio Japón
|
0-0: Called Strike 0-1: Foul Ball, location: 2F 0-2: Ball 1-2: Ball 2-2: Foul Ball, location: 2F 2-2: Foul Ball, location: 2F 2-2: Ball 3-2: Foul Ball, location: 2F 3-2: Base on Balls
|
Pitching: LHP Masamichi Nakagawa
|
|
Batting: RHB Ellis Greenham
|
0-0: Ball 1-0: Foul Ball, location: 2F 1-1: Ball 2-1: Fly out, F6 (Popup, 6S, EV 61.9 MPH)
|
Batting: RHB Orlando Velásquez
|
0-0: Foul Ball, location: 2F 0-1: Ball 1-1: Ball 2-1: Fly out, F8 (Flyball, 8RS, EV 86.9 MPH)
|
Batting: RHB Bobby Butterfield
|
0-0: Ball 1-0: Called Strike 1-1: Foul Ball, location: 2F 1-2: Fielders Choice at 2nd, 5-4 (Groundball, 56, EV 88.1 MPH)
|
Bottom of the 10th over - 0 runs, 0 hits, 0 errors, 1 left on base; Buffalo 6 - Mississippi 1 |
|